 Dungeon Crawl Stone Soup version 0.29-a0-337-g68df138881 (webtiles) character file.

Game seed: 18258832386527652169

231 zishaf the Chiller (level 6, 0/36 HPs)
             Began as an Octopode Ice Elementalist on Apr 16, 2022.
             Was a Believer of Wu Jian.
             Succumbed to a scorpion's poison
             ... on level 4 of the Dungeon.
             The game lasted 00:04:25 (2894 turns).

zishaf the Chiller (Octopode Ice Elementalist)      Turns: 2894, Time: 00:04:25

Health: 0/36       AC:  1    Str: 14    XL:     6   Next: 3%
Magic:  7/9        EV: 13    Int: 19    God:    Wu Jian [**....]
Gold:   145        SH:  0    Dex: 12    Spells: 5/9 levels left

rFire   . . .      SeeInvis .   o - +2 flail (holy)
rCold   . . .      Faith    .   (no shield)
rNeg    . . .      Spirit   .   (helmet restricted)
rPois   .          Reflect  .   (no amulet)
rElec   .          Harm     .   i - +6 ring of strength
rCorr   .          Rampage  .   (no ring)
Will    .....                   (no ring)
Stlth   ++++......              (no ring)
HPRegen 0.12/turn               (no ring)
MPRegen 0.11/turn               (no ring)
                                (no ring)
                                (no ring)

@: lethally poisoned (0 -> -1), flying
A: almost no armour, amphibious, 8 rings, camouflage 1, gelatinous body 1,
(nimble swimmer 1), tentacles
a: Renounce Religion, Wall Jump


You were on level 4 of the Dungeon.
You worshipped Wu Jian.
Wu Jian was pleased with you.
You visited 1 branch of the dungeon, and saw 4 of its levels.

You collected 145 gold pieces.

Inventory:

Hand Weapons
 o - a +2 flail of holy wrath (weapon)
Missiles
 k - 3 poisoned darts
Magical Staves
 j - a staff of air
Jewellery
 i - a +6 ring of strength (left tentacle)
Scrolls
 b - a scroll of immolation {unknown}
 d - 5 scrolls of teleportation {unknown}
 g - a scroll of summoning {unknown}
 l - a scroll of enchant weapon {unknown}
 m - a scroll of amnesia {unknown}
 n - a scroll of identify {unknown}
Potions
 a - a potion of magic
 e - a potion of might {unknown}
 f - a potion of resistance
 h - a potion of berserk rage {unknown}


   Skills:
 - Level 2.0 Dodging
 + Level 5.4 Stealth
 - Level 2.0 Spellcasting
 * Level 6.2 Ice Magic


You had 5 spell levels left.
You knew the following spells:

 Your Spells              Type           Power      Damage    Failure   Level
a - Freeze                Ice            100%       1d11      1%          1
b - Frozen Ramparts       Ice            50%        1d7       4%          3

Your spell library contained the following spells:

 Spells                   Type           Power      Damage    Failure   Level
 Ozocubu's Armour         Ice            25%        N/A       4%          3
 Magic Dart               Conj           4%         1d3       17%         1
 Call Imp                 Summ           1%         N/A       26%         2
 Hailstorm                Conj/Ice       13%        3d5       43%         4
 Gell's Gravitas          Tloc           1%         N/A       45%         3
 Mephitic Cloud           Conj/Pois/Air  1%         N/A       45%         3
 Teleport Other           Tloc           1%         N/A       45%         3
 Dispersal                Tloc           0%         N/A       100%        6


Dungeon Overview and Level Annotations

Branches:
Dungeon (4/15)
 Temple: D:4-7

Altars:
Ashenzari
Wu Jian

Shops:
D:2 =


Innate Abilities, Weirdness & Mutations

You cannot wear most types of armour.
You are amphibious.
You can wear up to eight rings at the same time.
Your skin changes colour to match your surroundings (Stealth+).
Your rubbery body absorbs attacks. (AC +1, EV +1)
((You are camouflaged when in or above water. (Stealth+)))
You have tentacles for arms and can constrict up to eight enemies at once.


Message History

The scorpion is severely wounded.
The scorpion barely misses you. x2
You hit the scorpion. Your grab misses the scorpion.
The scorpion is almost dead.
The scorpion stings you!
You are poisoned.
The scorpion poisons you!
You hit the scorpion.
You kill the scorpion!
The Council accepts your kill.
You feel very sick.
Your Ice Magic skill increases to level 6!
You have reached level 6!
You feel sick.
You feel sick.
Casting: Freeze (safe; 1% risk of failure)
Confirm with . or Enter, or press ? or * to list all spells.
Aiming: Freeze (safe; 1% risk of failure)
Press: ? - help, Shift-Dir - straight line, f - worm
Aim: a worm You freeze the worm.
The worm is lightly wounded.
You feel sick. The worm bites you!
Casting: Freeze (safe; 1% risk of failure)
Confirm with . or Enter, or press ? or * to list all spells.
Aiming: Freeze (safe; 1% risk of failure)
Press: ? - help, Shift-Dir - straight line, f/p - worm
Aim: a worm (lightly wounded)
You freeze the worm.
The worm is lightly wounded.
You feel sick. The worm bites you!
* * * LOW HITPOINT WARNING * * *
You sock the worm! Your grab misses the worm.
The worm is severely wounded.
* * * LOW HITPOINT WARNING * * *
You feel sick.
It was a potion of flight.
You feel very buoyant.
You fly up into the air.
You die...

##.## ...#.#####
.........## ..........#
...S...... .........
.......w## #####
........@###...##
###......##.....#
....?.....#....##
..#...........#### .
##......>...##.#
#.............####
#......##........#####
.......###.............
......####........##...


You could see a worm and a ball python (asleep).

Vanquished Creatures
  A scorpion (D:4)
  An orc priest (D:3)
  An iguana (D:4)
  3 adders
  A worm (D:3)
  A dart slug (D:2)
  13 orcs
  2 ball pythons
  5 bats
  7 endoplasms
  4 giant cockroaches
  8 goblins
  6 hobgoblins
  2 jackals (D:3)
  2 quokkas (D:1)
  2 frilled lizards
  3 kobolds
  7 rats
69 creatures vanquished.

Notes
Turn   | Place    | Note
-------+----------+-------------------------------------------
     0 | D:1      | zishaf the Octopode Ice Elementalist began the quest for
                  | the Orb.
     0 | D:1      | Reached XP level 1. HP: 11/11 MP: 3/3
   385 | D:1      | Reached XP level 2. HP: 11/17 MP: 0/5
   693 | D:1      | Found a faded altar of an unknown god.
   708 | D:1      | Prayed at the altar of an unknown god.
   708 | D:1      | Became a worshipper of the Wu Jian Council
   708 | D:1      | Reached * piety under Wu Jian
  1091 | D:2      | Found Lineo's Jewellery Shoppe.
  1099 | D:2      | Reached XP level 3. HP: 18/21 MP: 1/6
  1103 | D:2      | Learned a level 3 spell: Frozen Ramparts
  1741 | D:2      | Reached skill level 5 in Ice Magic
  1797 | D:3      | Found a broken altar of Ashenzari.
  1967 | D:3      | Reached XP level 4. HP: 27/27 MP: 3/7
  1976 | D:3      | Reached ** piety under Wu Jian
  2467 | D:3      | Reached XP level 5. HP: 27/31 MP: 2/8
  2687 | D:4      | Reached skill level 5 in Stealth
  2889 | D:4      | Reached skill level 6 in Ice Magic
  2889 | D:4      | Reached XP level 6. HP: 25/36 MP: 9/9
  2893 | D:4      | HP: 1/36 [poisoned by a scorpion]
  2894 | D:4      | Succumbed to a scorpion's poison

Illustrated notes

Levels and vault maps discovered:
D:1:      wander_arrival_abandoned_jail, layout_basic,
          ebering_ecumenical_altar_box
D:2:      layout_basic, serial_shops, shop, hangedman_decor_growths,
          hangedman_abyss_or_decor_stabs
D:3:      layout_basic, ashenzari_altar_1, serial_curves, eino_curves_01,
          eino_curves_04
D:4:      layout_cave_pools, mainiacjoe_overflow_swirl,
          hangedman_decor_riveting, minmay_manual_monstrance, uniq_eustachio

Skill      XL: |  1  2  3  4  5 |
---------------+----------------+-----
Stealth        | 3 4 5 |  5.4
Ice Magic      | 5 6 |  6.2
Dodging        | |  2.0
Spellcasting   | |  2.0

Action                   |  1- 3 |  4- 6 || total
-------------------------+-------+-------++-------
Melee: Unarmed           |    41 |    39 ||    80
       Constrict         |    15 |    11 ||    26
       Tentacles         |    11 |    12 ||    23
       Punch             |     1 |     1 ||     2
       Flail             |       |     5 ||     5
 Cast: Freeze            |    28 |    22 ||    50
       Frozen Ramparts   |     1 |     4 ||     5
Invok: Lunge             |     8 |     7 ||    15
       Whirlwind         |       |     2 ||     2
  Use: Potion            |       |     1 ||     1
 Stab: Sleeping          |    10 |     1 ||    11
Armor: Skin              |     5 |     2 ||     7
Dodge: Dodged            |    33 |    35 ||    68

Table legend: (Time is in decaauts)
 A = Elapsed time spent in this place.
 B = Non-inter-level travel time spent in this place.
 C = Inter-level travel time spent in this place.
 D = Time resting spent in this place.
 E = Time spent auto-exploring this place.
 F = Levels seen in this place.
 G = Mean time per level.
                   A        B        C        D        E       F      G
               +--------+--------+--------+--------+--------+-----+--------+
         Total |   2893 |   2831 |     62 |    247 |   2143 |   4 |  723.2 |
       Dungeon |   2893 |   2831 |     62 |    247 |   2143 |   4 |  723.2 |
               +--------+--------+--------+--------+--------+-----+--------+

Top non-repeatable levels by time:
     D:1: 1059 daAuts
     D:3: 896 daAuts
     D:2: 717 daAuts
     D:4: 220 daAuts
